AoeStats
← TheJack.777

Arena

510011863Analyzed
1v1 RM · 4d ago on Sep 29, 2026· 33m 38s· 2 players
Game mode
Random Map
Map size
Tiny (2 player)
Population
200
Speed
Normal
Resources
Standard
Victory
Conquest
Starting age
Dark Age
Ending age
Imperial Age
RankedLock teamsTeams togetherTeam positionsShared explorationLock speedFull tech treeHidden civsTurbo modeCheats
Victory
Defeat
🇨🇱 Huns · Chile
858
+16
🇨🇱 Bohemians · Chile
852
-16
El Oso
3:58 Loom
11:40 Feudal Age
13:44 Double-Bit Axe
18:01 Castle Age
20:28 Pikeman
25:23 Town Watch
26:48 Fletching
28:26 Wagenburg Tactics
29:29 Forging
TheJack.777
10:25 Feudal Age
11:21 Double-Bit Axe
11:17 Horse Collar
12:41 Loom
14:59 Castle Age
14:25 Loom
14:40 Gold Mining
16:24 Wheelbarrow
16:19 Bow Saw
16:49 Heavy Plow
17:50 Wheelbarrow
19:50 Sanctity
21:45 Town Watch
26:03 Hand Cart
26:16 Scale Barding Armor
29:55 Imperial Age
29:12 Husbandry
29:25 Bloodlines
29:19 Husbandry
29:52 Masonry
32:44 Chain Barding Armor
34:01 Plate Barding Armor
33:35 Marauders
33:55 Conscription
34:16 Forging
Connection lost

Rejoining the realm…

Still unreachable

The connection could not be restored.

Session expired

The server has moved on; the page needs a fresh start.